 Dungeon Crawl Stone Soup version 0.19.5 (webtiles) character file.

73 Peloso the Shield-Bearer (level 4, -4/40 HPs)
             Began as a Minotaur Fighter on May 9, 2017.
             Killed by divine providence
             ... invoked by an orc priest
              (15 damage)
             ... on level 3 of the Dungeon.
             The game lasted 00:03:11 (1897 turns).

Peloso the Shield-Bearer (Minotaur Fighter)         Turns: 1897, Time: 00:03:12

Health: -4/40      AC:  7    Str: 20    XL:     4   Next: 8%
Magic:  3/3        EV:  8    Int:  5    God:
Gold:   187        SH:  9    Dex: 11    Spells: 0 memorised, 3 levels left

rFire  . . .     SeeInvis .     a - +0 long sword
rCold  . . .     Gourm    .     b - +0 scale mail
rNeg   . . .     Faith    .     c - +0 shield
rPois  .         Spirit   .     (helmet restricted)
rElec  .         Reflect  .     (no cloak)
rCorr  .         Harm     .     (no gloves)
MR     .....                    (no boots)
Stlth  ..........               (no amulet)
                                (no ring)
                                u - ring of wizardry

@: no status effects
A: retaliatory headbutt, horns 2
a: no special abilities


You were on level 3 of the Dungeon.
You were very hungry.

You visited 1 branch of the dungeon, and saw 3 of its levels.

You collected 187 gold pieces.

Inventory:

Hand Weapons
 a - a +0 long sword (weapon)
 r - a cursed -1 dagger
Armour
 b - a +0 scale mail (worn)
 c - a +0 shield (worn)
Jewellery
 u - a ring of wizardry (left hand)
Wands
 i - a wand of random effects (22/48)
 w - a wand of lightning (6/15)
Scrolls
 h - a scroll of identify
 k - a scroll of recharging {unknown}
 l - a scroll of random uselessness {unknown}
Potions
 d - a potion of might
 e - a potion of magic {unknown}
 g - 2 potions of heal wounds {unknown}
 m - a potion of ambrosia {unknown}
 o - a potion of curing {unknown}
 p - 2 potions of haste {unknown}
 q - 2 potions of brilliance {unknown}
 s - a potion of resistance {unknown}
Comestibles
 f - 2 bread rations
 j - 2 meat rations
 n - 3 fruits
 t - 2 beef jerkies
 v - a royal jelly


   Skills:
 + Level 4.1 Fighting
 + Level 3.4 Long Blades
 + Level 4.1 Armour
 + Level 0.9 Dodging
 + Level 4.3 Shields


You had 3 spell levels left.
You didn't know any spells.

Dungeon Overview and Level Annotations

Branches:
Dungeon (3/15)

Altars:


Innate Abilities, Weirdness & Mutations

You reflexively headbutt those who attack you in melee.
You have a pair of horns on your head.


Message History

The bolt of lightning hits the orc.
You kill the orc!
The bolt of lightning misses the orc priest.
The bolt of lightning hits the orc priest.
The orc priest is moderately wounded.
This wand has 6 charges left.
You hear a shout! x2
The orc priest calls down the wrath of Beogh upon you.
Pain shoots through your body!
* * * LOW HITPOINT WARNING * * *
A giant cockroach comes into view.
You barely miss the orc. You headbutt the orc.
The orc is heavily wounded.
The orc hits you but does no damage.
You hit the orc but do no damage.
The orc is heavily wounded.
You block the orc's attack.
The orc priest mumbles some strange prayers to Beogh against you.
Beogh smites you!
You die...

... s.# .. #.# #.##.#
#. #.##$# ####.
#.##.##.####.$.g.g #
#.##.##....oo.#
####.#.......o####.#
#............so@.#
##.##..#.....#.##.#
.......#.....#......
....##.#.....####....#
##..##.###...# ###.#
...)##.###...# .#
...).........# #
.##.#.##.....#
....#.##.....#


You could see an orc priest, an orc and a giant cockroach.

Vanquished Creatures
  2 adders (D:2)
  A worm (D:2)
  2 dart slugs
  2 orcs (D:3)
  A bat (D:1)
  4 giant cockroaches
  6 goblins
  4 hobgoblins (D:1)
  7 jackals
  6 kobolds
  A quokka (D:2)
  2 ball pythons
  2 frilled lizards (D:1)
40 creatures vanquished.

Notes
Turn   | Place    | Note
-------+----------+-------------------------------------------
     0 | D:1      | Peloso the Minotaur Fighter began the quest for the Orb.
     0 | D:1      | Reached XP level 1. HP: 19/19 MP: 0/0
   479 | D:1      | Reached XP level 2. HP: 27/27 MP: 1/1
   976 | D:2      | Reached XP level 3. HP: 27/33 MP: 2/2
  1849 | D:3      | Reached XP level 4. HP: 39/40 MP: 3/3
  1897 | D:3      | Killed from afar by an orc priest

Skill      XL: |  1  2  3 |
---------------+----------+-----
Shields        | 4 |  4.3
Fighting       | 4 |  4.1
Armour         | 4 |  4.1
Long Blades    | 3 |  3.4
Dodging        | |  0.9

Action                   |  1- 3 |  4- 6 || total
-------------------------+-------+-------++-------
Melee: Long sword        |    97 |     8 ||   105
       Headbutt          |    11 |     1 ||    12
Evoke: Wand              |       |     1 ||     1
  Use: Scroll            |     2 |       ||     2
  Eat: Chunk             |     1 |       ||     1
       Fruit             |       |     1 ||     1
Armor: Scale mail        |    48 |     3 ||    51
Dodge: Dodged            |    29 |     2 ||    31
Block: Shield            |    49 |     2 ||    51
       Rpst.: Long sword |     9 |       ||     9
